Match 46615632
Unlisted

Match 46615632
End
Selects Airborne Battlegroup
Selects Heavy Machine Gun Paradrop
Heavy Machine Gun Paradrop
Construct Weapon Support Center
M1919 Machine Gun Team
Heavy Machine Gun Paradrop
Infantry Support Center
M3 Armored Personnel Carrier
Engineer Squad
Construct Medical Station
Construct Tank Depot
M4(105) Sherman Bulldozer
Selects Recon Loiter
Selects Paratrooper Squad Paradrop
Selects Supply Drop
Paratrooper Squad Paradrop
M4(105) Sherman Bulldozer
Selects Carpet Bombing Run
Carpet Bombing Run
Bazooka Squad
Supply Drop
Carpet Bombing Run
M18 Hellcat Tank Destroyer
Engineer Squad
M4(105) Sherman Bulldozer
Supply Drop
Barbarossa
FeriG
0
0

Comments sign in to comment!

No comments posted yet!